Map: Blackburn LE

Players

Throwfordays - Winner!

  • Race: Terran Terran

Michael

  • Race: Terran Terran
  • League: Silver

VOD

Have the link to the VOD?

Description

Time

  • Played on: July 20, 2021, 12:36 p.m.
  • Length: 11:06
Show
View Real Time Build Order
Export as new Build Order

Throwfordays Terran - Winner!

Build Orders:  

Get SALT Encoding   

  12  0:01  SCV  
  13  0:15  Supply Depot  
  13  0:18  SCV  
  14  0:30  SCV  
  15  0:39  Barracks  
  15  0:42  SCV  
  16  0:47  Refinery  
  16  0:54  SCV  
  17  1:01  Refinery  
  17  1:07  SCV  
  18  1:19  SCV  
  19  1:29  Reaper  
  20  1:37  SCV  
  21  1:49  SCV, Command Center  
  22  1:57  Supply Depot  
  22  2:01  SCV  
  23  2:23  Barracks Reactor, Supply Depot  
  23  2:25  SCV  
  25  2:37  SCV  
  25  3:05  SCV  
  26  3:07  SCV  
  26  3:12  Factory  
  27  3:15  Reaper x2, Supply Depot  
  27  3:17  SCV  
  27  3:19  SCV  
  31  3:29  SCV  
  31  3:31  SCV  
  33  3:38  Supply Depot  
  33  3:41  SCV  
  34  3:43  SCV  
  35  3:51  Refinery  
  35  3:53  Refinery, SCV  
  36  3:55  SCV  
  36  3:56  Starport  
  36  3:58  Factory Tech Lab  
  37  4:07  SCV  
  37  4:08  SCV  
  39  4:14  Supply Depot  
  39  4:19  SCV  
  39  4:20  SCV  
  41  4:29  Factory Tech Lab  
  41  4:31  SCV  
  42  4:38  Fusion Core  
  42  5:09  Supply Depot  
  42  5:15  Marine  
  42  5:16  Marine  
  42  5:19  SCV  
  46  5:21  SCV  
  46  5:27  Supply Depot  
  46  5:29  Weapon Refit  
  46  5:31  SCV, Battlecruiser  
  46  5:33  Marine x2, SCV  
  56  5:36  Armory  
  56  5:43  SCV  
  57  5:51  Marine x2  
  57  5:55  Engineering Bay  
  57  5:56  Orbital Command  
  59  5:57  Orbital Command  
  59  6:09  Marine x2  
  61  6:11  Siege Tank  
  64  6:27  Starport  
  64  6:28  SCV  
  65  6:56  Terran Ship Weapons Level 1  
  65  7:00  Battlecruiser  
  71  7:21  Command Center  
  71  7:31  Missile Turret  
  71  8:08  Starport Tech Lab  
  71  8:09  Battlecruiser  
  77  8:53  Battlecruiser  
  83  9:14  Battlecruiser  
  89  9:37  Orbital Command  
  83  9:58  Battlecruiser  
  89  10:08  Supply Depot  
  95  10:21  Refinery  
  95  10:22  SCV  
  96  10:34  SCV  
  97  10:39  Refinery  
Show
View Real Time Build Order
Export as new Build Order

Michael Terran 

Build Orders:  

Get SALT Encoding   

  12  0:01  SCV  
  13  0:13  SCV  
  14  0:21  Supply Depot  
  14  0:25  SCV  
  15  0:44  Supply Depot  
  15  0:48  Barracks  
  15  0:49  SCV  
  16  1:01  SCV  
  17  1:07  Supply Depot  
  17  1:13  SCV  
  18  1:26  SCV  
  18  1:30  Supply Depot  
  19  1:35  Marine  
  19  1:38  SCV  
  21  1:48  Refinery  
  21  1:50  SCV  
  21  1:53  Marine  
  23  1:55  Bunker  
  23  2:02  SCV  
  24  2:10  Marine  
  24  2:14  SCV  
  26  2:26  SCV  
  26  2:28  Marine  
  27  2:40  SCV  
  27  2:46  Marine  
  28  2:54  Orbital Command  
  28  3:10  Command Center  
  28  3:16  Refinery  
  28  3:18  Barracks Reactor  
  28  3:26  Engineering Bay  
  28  3:36  SCV  
  29  3:48  SCV  
  30  3:56  Factory  
  30  3:57  Reaper x2  
  32  4:14  SCV  
  33  4:23  Refinery  
  33  4:29  Marine x2  
  35  4:41  Factory Tech Lab  
  35  4:42  Supply Depot  
  35  4:47  Marine x2  
  37  4:56  Missile Turret  
  37  5:00  Terran Infantry Weapons Level 1  
  37  5:03  SCV  
  37  5:05  Marine x2, Starport  
  40  5:11  Siege Tank  
  43  5:15  SCV  
  43  5:18  Missile Turret  
  44  5:22  Marine  
  44  5:23  Marine  
  44  5:27  SCV  
  47  5:39  SCV  
  47  5:40  Marine x2  
  50  5:43  Supply Depot, Medivac, Siege Tank  
  50  5:46  Missile Turret  
  55  5:51  SCV  
  56  5:58  Marine x2  
  58  6:05  Supply Depot  
  58  6:13  Medivac  
  58  6:15  Siege Tank  
  58  6:16  Marine x2  
  65  6:19  Refinery  
  65  6:26  SCV  
  66  6:36  Supply Depot  
  64  6:44  Marine x2  
  64  6:46  Medivac  
  68  6:53  Siege Tank  
  71  6:54  Terran Infantry Armor Level 1  
  71  6:58  Supply Depot  
  71  7:02  Marine x2  
  71  7:05  Planetary Fortress  
  73  7:17  Starport Tech Lab  
  73  7:23  Missile Turret  
  73  7:24  Marine x2  
  73  7:26  Siege Tank  
  78  7:38  Banshee  
  78  7:41  Marine  
  78  7:42  Marine  
  83  8:08  Widow Mine  
  83  8:12  Missile Turret  
  82  8:29  Widow Mine, Missile Turret  
  82  8:41  Viking  
  80  8:51  Widow Mine  
  82  9:09  Marine x2  
  75  9:11  Viking  
  75  9:12  Widow Mine  
  68  9:26  Marine  
  68  9:27  Marine  
  62  9:33  Widow Mine  
  57  9:41  Viking  
  57  9:44  Marine x2  
  52  9:59  SCV  
  53  10:02  Marine x2  
  55  10:11  SCV, Viking  
  58  10:20  Marine x2  
  60  10:23  SCV  
  61  10:34  SCV  
  61  10:35  SCV  
  63  10:38  Marine x2  
  67  10:44  Widow Mine  
Tags
 
League
Silver
Matchup
TvT
Race
Terran
Replay Pack
Multiplayer
Add a new tag
Caveats
  • Supply blocks, unpowered buildings, or Contaminate may cause inaccurate times.
  • Supply counts are checked every 10 seconds.